[Event "Early-Titled-Tuesday-Blitz-November-28-2023"]
[Site "Chess.com"]
[Date "2023.11.28"]
[Round "10"]
[White "masenik"]
[Black "Kildepiotr"]
[Result "1/2-1/2"]
[WhiteElo "2505"]
[BlackElo "2687"]
[TimeControl "180+1"]
[EndTime "10:02:18 PST"]
[Termination "Game drawn by repetition"]

1. e4 g6 2. d4 Bg7 3. h4 h5 4. Be2 c6 5. Nc3 d5 6. e5 Nh6 7. Bg5 f6 8. exf6 exf6 9. Bf4 Kf7 10. Nf3 Bg4 11. Qd2 Nd7 12. O-O-O Nb6 13. Kb1 Qd7 14.
Rde1 Rae8 15. b3 Nf5 16. Ng1 Bxe2 17. Ngxe2 Nd6 18. f3 Re6 19. Bg3 Bh6 20. Bf4 Bg7 21.
g4 hxg4 22. fxg4 Ne4 23. Nxe4 Rxe4 24. Ng3 Rxe1+ 25. Rxe1 Qxg4 26. h5 gxh5 27. Qe3 Qd7 28. Qf3 h4 29. Nh5 Qf5 30. Nxg7 Kxg7 31. Re7+ Kg6 32. Qg2+ Kh5 33. Qg7 Qxf4 34. Qxh8+ Kg4 35. Rg7+ Kf3 36. Qh5+ Ke3 37. Rg4 Qf2 38. Rxh4 Qe1+ 39. Kb2 Nc4+ 40. bxc4 Qb4+ 41. Kc1 Qe1+ 42. Kb2 Qb4+ 43.
Kc1 Qd2+ 44. Kb2 Qb4+ 1/2-1/2

[Event "Early-Titled-Tuesday-Blitz-November-28-2023"]
[Site "Chess.com"]
[Date "2023.11.28"]
[Round "10"]
[White "DawidCzerw"]
[Black "Qvalda"]
[Result "1-0"]
[WhiteElo "2544"]
[BlackElo "2429"]
[TimeControl "180+1"]
[EndTime "10:02:18 PST"]
[Termination "DawidCzerw won on time"]

1. e4 e5 2. Nf3 Nc6 3. Bb5 d6 4. d4 exd4 5. Nxd4 Bd7 6. Bxc6 bxc6 7. c4 g6 8. O-O Bg7 9. Nc3 Ne7 10. c5 dxc5 11.
Nde2 O-O 12. Be3 c4 13. Qa4 Be6 14. Rfd1 Qc8 15. Bc5 Re8 16. Qa3 Bf8 17. h3 g5 18.
Ng3 Ng6 19. Nh5 Bg7 20. Bd4 Bxd4 21. Rxd4 Kh8 22. Qc5 h6 23. h4 Rd8 24. hxg5 Kh7 25. Nf6+ Kg7 26. Nh5+ Kh7 27. Rad1 Rxd4 28. Qxd4 Qh8 29.
Nf6+ Kg7 30. f4 hxg5 31. f5 Nf4 32. Nh5+ Kg8 33. Qd8+ Rxd8 34. Rxd8+ Kh7 35. Rxh8+ Kxh8 36. Nxf4 gxf4 37. fxe6 fxe6 38. Kf2 e5 39. Kf3 Kg7 40. Kg4 Kg6 41. Nb1 Kf6 42. Nd2 c3 43. bxc3 Ke6 44. Nc4 a6 45. Kg5 c5 46. a4 c6 47. Kg6 f3 48. gxf3 1-0

[Event "Early-Titled-Tuesday-Blitz-November-28-2023"]
[Site "Chess.com"]
[Date "2023.11.28"]
[Round "10"]
[White "Gabix_94"]
[Black "averageFM"]
[Result "1-0"]
[WhiteElo "2757"]
[BlackElo "2616"]
[TimeControl "180+1"]
[EndTime "10:02:20 PST"]
[Termination "Gabix_94 won by resignation"]

1. a3 e5 2. d4 exd4 3. Qxd4 Nc6 4. Qa4 Nf6 5. Nc3 d5 6. Bg5 Be6 7. O-O-O Be7 8. e4 Nxe4 9. Bxe7 Qxe7 10. Nxe4 dxe4 11.
Qxe4 O-O 12. Nf3 Rad8 13. Bd3 g6 14. Rhe1 Qf6 15. h4 Bd5 16. Qe3 Bxf3 17. gxf3 Qxh4 18. Rh1 Qd4 19. Qh6 Qg7 20. Qh2 Ne5 21. Be4 Nc4 22.
c3 h5 23. Rxd8 Qh6+ 24. Kb1 Rxd8 25. Qxc7 Nxa3+ 26. bxa3 Qg5 27. a4 Rd2 28. Rc1 Rxf2 29. Rd1 Kg7 30. Qc4 Qg2 31. Ka1 h4 32. Qd4+ Kh7 33. Qd5 Kg7 34. Qe5+ Kh7 35. c4 Ra2+ 36. Kb1 Rxa4 37. Qc3 Qa2+ 38. Kc1 Qa1+ 39. Qxa1 Rxa1+ 40. Bb1 Ra3 41. Rh1 Rxf3 42. Rxh4+ Kg7 43. Rd4 Re3 44. Be4 f5 45. Bxb7 Kf6 46. Kd2 Ra3 47. c5 g5 48. c6 Ra2+ 49. Kc3 Ra3+ 50. Kb4 Ra1 51. c7 Ke5 52. Rd5+ 1-0

[Event "Early-Titled-Tuesday-Blitz-November-28-2023"]
[Site "Chess.com"]
[Date "2023.11.28"]
[Round "10"]
[White "falzehope0"]
[Black "Burovic00"]
[Result "0-1"]
[WhiteElo "2386"]
[BlackElo "2582"]
[TimeControl "180+1"]
[EndTime "10:02:21 PST"]
[Termination "Burovic00 won on time"]

1. d4 d6 2. e3 g6 3. Bd3 Bg7 4. f4 Nd7 5. Nf3 Nh6 6. O-O O-O 7. e4 e5 8. dxe5 dxe5 9. f5 Nc5 10. Nc3 Nxd3 11.
cxd3 gxf5 12. Bg5 f6 13. Bxh6 Bxh6 14. Nh4 f4 15. Qh5 Bg7 16. Rad1 Qe8 17. Qf3 c6 18. d4 Be6 19. d5 cxd5 20. Nxd5 Rc8 21. Kh1 Kh8 22.
Rd2 Bh6 23. Rfd1 Bg5 24. Qf2 Bxh4 25. Qxh4 Qf7 26. h3 Qg7 27. b3 Qg5 28. Qf2 Rf7 29. Qxa7 f3 30. g4 Qh4 31. Rh2 Bxd5 32. exd5 Qg3 33. Qf2 Qf4 34. d6 e4 35. Qd4 Qe5 36.
Qxe5 fxe5 37. Re1 f2 38. Rf1 e3 39. Kg2 Rd8 40. Rhh1 Rxd6 41. Rc1 e2 42. Rc8+ Kg7 43. g5 f1=Q+ 0-1

[Event "Early-Titled-Tuesday-Blitz-November-28-2023"]
[Site "Chess.com"]
[Date "2023.11.28"]
[Round "10"]
[White "Dinosaurio_1975"]
[Black "kunaevchess"]
[Result "1-0"]
[WhiteElo "2521"]
[BlackElo "2174"]
[TimeControl "180+1"]
[EndTime "10:02:21 PST"]
[Termination "Dinosaurio_1975 won by resignation"]

1. e4 e5 2. Nf3 Nf6 3. Nxe5 d6 4. Nd3 Nxe4 5. Qe2 Qe7 6. Nf4 Nf6 7. d4 d5 8. f3 c6 9. h4 h5 10. Kf2 Bf5 11. c3 Qxe2+ 12. Bxe2 Bd6 13. Be3 O-O 14.
Nd2 Re8 15. Nf1 Nbd7 16. Bd2 Re7 17. Ng3 Bg6 18. Nxg6 fxg6 19. Bd3 Kf7 20. Rae1 Rae8 21. Rxe7+ Rxe7 22. Re1 Rxe1 23. Bxe1 Bf4 24. Ne2 Bh6 25. Kf1 g5 26. hxg5 Bxg5 27. Bg3 h4 28. Bc7 Nf8 29.
Bb8 a5 30. a4 Ne6 31. Kf2 Nd7 32. Bd6 Nb6 33. b3 Nc8 34. Be5 Ne7 35. b4 axb4 36. cxb4 Bd2 37. b5 Nc8 38. f4 g6 39. bxc6 bxc6 40. f5 gxf5 41. Bxf5 Nb6 42. Bc2 Ng5 43. Bf4 Bxf4 44. Nxf4 Ne4+ 45. Bxe4 dxe4 46. a5 Nc4 47. a6 Ke7 48. a7 Nb6 49. Ke3 Kd7 50. Kxe4 Kc7 51.
Ng6 Kb7 52. Nxh4 Kxa7 53. g4 Kb7 54. g5 Kc7 55. g6 Nd5 56. Kf5 Ne7+ 57. Kf6 Kd6 58.
Nf5+ Nxf5 59. Kxf5 Ke7 60. Ke5 Kf8 61. Kf6 Kg8 62.
g7 Kh7 63. Kf7 Kh6 64. g8=Q Kh5 65. Qg3 1-0

[Event "Early-Titled-Tuesday-Blitz-November-28-2023"]
[Site "Chess.com"]
[Date "2023.11.28"]
[Round "10"]
[White "tantaan"]
[Black "Savagelittlemole"]
[Result "0-1"]
[WhiteElo "2345"]
[BlackElo "2485"]
[TimeControl "180+1"]
[EndTime "10:02:24 PST"]
[Termination "Savagelittlemole won by resignation"]

1. d4 Nf6 2. c4 c5 3. d5 e6 4. Nc3 exd5 5. cxd5 d6 6. e4 g6 7.
f4 Bg7 8. Bb5+ Nfd7 9. a4 O-O 10. Nf3 Na6 11. O-O Nb4 12. Be3 a6 13. Be2 Qc7 14. Bf2 Re8 15. Bg3 c4 16. Kh1 Nc5 17. e5 Ncd3 18. Ne4 Nxb2 19. Qd4 N2d3 20. Bxd3 Nxd3 21. Nxd6 Qxd6 22. exd6 Bxd4 23. Nxd4 Bd7 24. f5 Re4 25.
fxg6 hxg6 26. Nf3 Re2 27. Ng5 f5 28. Nh3 Rae8 29. Nf4 Nxf4 30. Bxf4 c3 31. Rac1 c2 32. h4 Bxa4 33. Kh2 Bd7 34. Bg5 R8e4 35. Rf4 b5 36.
Rxe4 fxe4 37. Kg3 Kf7 38. Kf4 b4 39. Ke5 b3 40. Rf1+ Ke8 41. Bh6 Bf5 42. g4 b2 43.
gxf5 b1=Q 44. fxg6 Qxf1 45. g7 Rg2 46. Bg5 Qf7 0-1

[Event "Early-Titled-Tuesday-Blitz-November-28-2023"]
[Site "Chess.com"]
[Date "2023.11.28"]
[Round "10"]
[White "TigrVShlyape"]
[Black "K_A_S_T_O_R"]
[Result "0-1"]
[WhiteElo "2972"]
[BlackElo "2880"]
[TimeControl "180+1"]
[EndTime "10:02:25 PST"]
[Termination "K_A_S_T_O_R won by resignation"]

1. d4 Nf6 2. Bf4 c5 3. e3 Qb6 4. Na3 cxd4 5. Nb5 d6 6. Qxd4 Qa5+ 7. Qd2 Qd8 8. c4 a6 9. Nc3 Nc6 10. Nf3 g6 11. e4 Bg4 12. Be2 Bxf3 13. Bxf3 Bg7 14. O-O O-O 15. Rac1 Rc8 16. Be2 Nd7 17. Be3 Qa5 18. b3 Nc5 19. f3 Rfd8 20. Rfd1 e6 21. Bf1 Rd7 22. Ne2 Qxd2 23. Rxd2 Rdd8 24. Rcd1 Bf8 25. Nd4 Ne5 26. h3 Be7 27. g3 Kf8 28.
Bg2 Ke8 29. f4 Ned7 30. Bf2 Rc7 31. Re2 Rdc8 32. e5 dxe5 33. fxe5 h5 34. Nf3 Bf8 35. Be3 Bg7 36. Bg5 a5 37. g4 hxg4 38. hxg4 Rb8 39. Red2 b5 40. cxb5 Rxb5 41. Re2 Rb4 42. Bh3 Ne4 43. Bf4 Nc3 44. Rc2 Rxf4 45. Rd3 Nxe5 46. Rcxc3 Rxc3 47. Rxc3 Nxf3+ 0-1

[Event "Early-Titled-Tuesday-Blitz-November-28-2023"]
[Site "Chess.com"]
[Date "2023.11.28"]
[Round "10"]
[White "Boundless_Strike"]
[Black "Sychev_on_YouTube"]
[Result "1-0"]
[WhiteElo "2676"]
[BlackElo "2878"]
[TimeControl "180+1"]
[EndTime "10:02:26 PST"]
[Termination "Boundless_Strike won on time"]

1. d4 Nf6 2. f3 d5 3. e4 dxe4 4. Nc3 exf3 5. Nxf3 g6 6. Bc4 Bg7 7. h4 O-O 8. h5 Nxh5 9. Rxh5 gxh5 10. Qd3 Qd6 11.
Ne4 Qg6 12. Nh4 Qg4 13. Ng5 Qxh4+ 14. g3 Qh1+ 15. Kd2 Rd8 16. Nxf7 Qg2+ 17. Kc3 Rxd4 18. Ne5+ Rxc4+ 19. Qxc4+ e6 20. Bf4 Qc6 21. Rd1 Bxe5+ 22. Bxe5 Qxc4+ 23. Kxc4 Nd7 24. Bxc7 b6 25. Kc3 Nf6 26.
Be5 Nd5+ 27. Kb3 Ba6 28. Rd4 Rf8 29. c4 Ne3 30. Rd7 Nf5 31. Rxa7 Bc8 32. Rc7 Rd8 33. Kb4 Bd7 34. a4 h6 35. Bf6 Rf8 36. Be5 Be8 37. Rb7 Ne3 38. Rxb6 Ng4 39. Bd6 Rf3 40. Rb8 Kf7 41. a5 Rf2 42. Kc5 Rf1 43. a6 Ra1 44.
Kb6 Ne3 45. b3 e5 46. a7 1-0

[Event "Early-Titled-Tuesday-Blitz-November-28-2023"]
[Site "Chess.com"]
[Date "2023.11.28"]
[Round "10"]
[White "Alexsur1981"]
[Black "mbojan"]
[Result "0-1"]
[WhiteElo "2880"]
[BlackElo "2865"]
[TimeControl "180+1"]
[EndTime "10:02:27 PST"]
[Termination "mbojan won by resignation"]

1. e4 a6 2. d4 e6 3. c4 d5 4.
Nc3 dxe4 5. Nxe4 Bb4+ 6. Nc3 c5 7. Nf3 Nf6 8. a3 Ba5 9. Be2 cxd4 10. Nxd4 Bxc3+ 11. bxc3 O-O 12. O-O e5 13. Nb3 Nc6 14. Qxd8 Rxd8 15. Be3 Ne4 16. Bb6 Nxc3 17. Bf3 Re8 18.
Rfc1 Na4 19. Bxc6 bxc6 20. Bc7 f6 21. Ra2 Be6 22. Rd2 Rac8 23. Bd6 Red8 24. f4 exf4 25.
Bxf4 Rxd2 26. Bxd2 Rd8 27. Bb4 Rd3 28. Nc5 Nxc5 29.
Bxc5 Kf7 30. Bb4 a5 31. Bxa5 Rxa3 32. Be1 Ra2 33. Bf2 g5 34. h4 h6 35. hxg5 hxg5 36. Rc3 Kg6 37. Kf1 f5 38. g3 Kh5 39. Ke1 Ra4 40.
c5 Bd5 41. Kd2 Kg4 42. Be1 Ra2+ 43. Rc2 Ra8 44. Ke3 Re8+ 45. Kf2 Rh8 46. Ke3 Rh1 47. Bf2 Rb1 48. Rc3 Rb2 49. Be1 Bf3 50. Kd4 Re2 51. Re3 Rxe1 52. Rxe1 Kxg3 53. Ke5 f4 54. Rg1+ Bg2 55. Kd6 f3 0-1

[Event "Early-Titled-Tuesday-Blitz-November-28-2023"]
[Site "Chess.com"]
[Date "2023.11.28"]
[Round "10"]
[White "Oleksandr_Bortnyk"]
[Black "seopie"]
[Result "1/2-1/2"]
[WhiteElo "3056"]
[BlackElo "2878"]
[TimeControl "180+1"]
[EndTime "10:02:28 PST"]
[Termination "Game drawn by repetition"]

1. e4 c6 2. d4 d5 3. Nc3 dxe4 4. Nxe4 Nf6 5. Nxf6+ exf6 6. c3 Bd6 7. Bd3 Nd7 8. Qc2 Nf8 9. Ne2 Ng6 10. h4 Ne7 11. h5 Qa5 12. b4 Qd5 13. h6 g6 14.
f3 Bf5 15. Bd2 O-O 16. c4 Qe6 17. Kf2 b5 18. d5 Bxd3 19. Qxd3 bxc4 20. dxe6 cxd3 21.
exf7+ Kxf7 22. Nf4 Bxf4 23. Bxf4 Nd5 24. Bd6 Rfe8 25.
Rhe1 Nc3 26. Re3 Rxe3 27. Kxe3 Rd8 28. Kd2 Rxd6 29. Kxc3 Ke6 30. Kd2 Rd4 31. Rc1 Rxb4 32. Rxc6+ Kf5 33. Kxd3 Rb2 34. Ra6 Rxg2 35. Rxa7 g5 36.
Rxh7 Rxa2 37. Rg7 Rh2 38. h7 Kf4 39. Rf7 f5 40. Kd4 Kxf3 41. Rxf5+ Kg4 42. Rf7 Kg3 43. Ke4 g4 44. Ke3 Rh1 45. Ke2 Kg2 46. Rf2+ Kg3 47.
Rf7 Kg2 48. Rf2+ Kg3 49. Rf7 1/2-1/2

[Event "Early-Titled-Tuesday-Blitz-November-28-2023"]
[Site "Chess.com"]
[Date "2023.11.28"]
[Round "10"]
[White "Abund"]
[Black "Mikhail_Golubev"]
[Result "1-0"]
[WhiteElo "2781"]
[BlackElo "2586"]
[TimeControl "180+1"]
[EndTime "10:02:28 PST"]
[Termination "Abund won by resignation"]

1. e4 c5 2. Nf3 d6 3. Bb5+ Bd7 4. Bxd7+ Qxd7 5. c4 g6 6. Nc3 Bg7 7. d4 cxd4 8. Nxd4 Nf6 9. f3 O-O 10. Be3 Nc6 11.
O-O a6 12. Qd3 Ne5 13. Qe2 Rfc8 14. b3 b5 15. Nd5 Nxd5 16. cxd5 Rc3 17. Rad1 Rac8 18. Bd2 Rd3 19. Nc6 Rxd2 20. Qxd2 Nxc6 21. dxc6 Rxc6 22. Rc1 h5 23. Kh1 h4 24. Qd5 Rxc1 25.
Rxc1 Bf6 26. Qa8+ Kh7 27. Qxa6 h3 28. Qb6 hxg2+ 29. Kxg2 Qe6 30. Qxb5 Be5 31. Qe2 Qf6 32. Rg1 Qf4 33. Kh1 Kg7 34. a4 e6 35. a5 d5 36.
a6 Bb8 37. Ra1 dxe4 38. fxe4 Qe5 39. Rf1 Ba7 40. Qf3 f6 41. Rd1 Qc7 42. Qd3 Kh6 43. Qh3+ Kg7 44. Qxe6 Qf4 45. Rd7+ Kh6 46. Qh3+ Kg5 47.
Qg3+ Qxg3 48. hxg3 1-0

[Event "Early-Titled-Tuesday-Blitz-November-28-2023"]
[Site "Chess.com"]
[Date "2023.11.28"]
[Round "10"]
[White "ElVital"]
[Black "NowInChess"]
[Result "1-0"]
[WhiteElo "2361"]
[BlackElo "2181"]
[TimeControl "180+1"]
[EndTime "10:02:28 PST"]
[Termination "ElVital won on time"]

1. e4 e6 2. Nc3 d5 3. Nf3 Nf6 4.
e5 Nfd7 5. d4 c5 6. dxc5 Nc6 7.
Bf4 Bxc5 8. Bd3 f6 9. exf6 Qxf6 10. Bg5 Qf7 11. Qe2 Nb4 12. O-O-O O-O 13. h4 a6 14. a3 Nxd3+ 15. Rxd3 b5 16. Re1 h6 17. Be3 Bd6 18. Nd4 e5 19. Nc6 d4 20. Ne4 Be7 21.
Bd2 Nb6 22. Nxe5 Qd5 23. f4 Bf5 24. g4 Bxe4 25. Qxe4 Qxe4 26. Rxe4 Bc5 27. Bb4 Bxb4 28. axb4 Nc4 29. Rdxd4 Nxe5 30. Rxe5 Rac8 31. Kd2 Rc6 32. c3 Rcf6 33. f5 g6 34. fxg6 Rxg6 35. Rde4 Rf2+ 36. Ke3 Rxb2 37. Re8+ Kh7 38. R4e7+ Rg7 39.
Rxg7+ Kxg7 40. Kf4 Rf2+ 41. Kg3 Rc2 42. Rc8 Rd2 43.
Rc6 Rd3+ 44. Kf4 Rh3 45. h5 Rd3 46. Rg6+ Kh7 47. Rc6 Rh3 48. Rc7+ Kg8 49. Kf5 Rg3 50. Kg6 1-0

[Event "Early-Titled-Tuesday-Blitz-November-28-2023"]
[Site "Chess.com"]
[Date "2023.11.28"]
[Round "10"]
[White "dianamirza"]
[Black "RebecaJimnz"]
[Result "1-0"]
[WhiteElo "2026"]
[BlackElo "2289"]
[TimeControl "180+1"]
[EndTime "10:02:29 PST"]
[Termination "dianamirza won by resignation"]

1. e4 c5 2. Nf3 Nc6 3. d4 cxd4 4. Nxd4 g6 5. Nc3 Bg7 6. Be3 Nf6 7. f3 d5 8. Nxc6 bxc6 9. exd5 Nxd5 10. Nxd5 Qxd5 11.
Qxd5 cxd5 12. Bb5+ Bd7 13. Bxd7+ Kxd7 14. O-O-O e6 15.
Bd4 Bh6+ 16. Kb1 Rhc8 17. Rhe1 a5 18. h4 a4 19. g4 Bf8 20. f4 Rab8 21. f5 a3 22. b3 Bb4 23. Rf1 Rf8 24. Bg7 Rfe8 25. fxg6 fxg6 26. Rf7+ Re7 27. Rdf1 Rc8 28. R7f3 Bd6 29.
Bf8 Ree8 30. Rf7+ Kc6 31. Bxd6 Kxd6 32. Rxh7 Rf8 33. Rhf7 Rxf7 34. Rxf7 Rh8 35. Ra7 Rxh4 36. Rxa3 Rxg4 37. Ra6+ Ke5 38. a4 Rg1+ 39. Kb2 g5 40. Ra8 g4 41. a5 g3 42. Rg8 g2 43. a6 Rf1 44. a7 g1=Q 45. Rxg1 Rxg1 46. a8=Q Ke4 47.
Qa4+ d4 48. Qc6+ Kf4 49. Qxe6 Rf1 50. Qf7+ Ke3 51. Qxf1 1-0

[Event "Early-Titled-Tuesday-Blitz-November-28-2023"]
[Site "Chess.com"]
[Date "2023.11.28"]
[Round "10"]
[White "SmirnovTimofey2000"]
[Black "missponyo10"]
[Result "0-1"]
[WhiteElo "2076"]
[BlackElo "2201"]
[TimeControl "180+1"]
[EndTime "10:02:29 PST"]
[Termination "missponyo10 won on time"]

1. d4 d5 2. Bf4 c6 3. c3 Nf6 4. e3 e6 5. Nd2 Nbd7 6. Ngf3 Be7 7. h3 O-O 8. Bd3 Re8 9. Ne5 Nxe5 10. Bxe5 Bd6 11. Nf3 Nd7 12. Bxd6 Qf6 13. Be5 Nxe5 14. Nxe5 b5 15. Nxc6 a6 16. O-O Qh6 17. Ne5 f6 18. Ng4 Qg5 19. f4 Qh4 20. Qe1 Qh5 21. Qe2 Kh8 22. Nh2 Qf7 23. Qg4 e5 24. Qh4 e4 25. Be2 Rg8 26. Bg4 f5 27. Be2 h6 28.
Kh1 Kh7 29. g4 g6 30. gxf5 gxf5 31. Rg1 Be6 32. Bh5 Qd7 33. Qf6 Rg7 34. Rxg7+ Qxg7 35. Qxg7+ Kxg7 36. Rg1+ Kf6 37. Rg6+ Ke7 38. Rxh6 Rc8 39.
a3 a5 40. Be2 b4 41. axb4 axb4 42. Rh7+ Kd6 43. Ra7 bxc3 44. bxc3 Rxc3 45. Kg2 Rc2 46.
Kf2 Rb2 47. Ra6+ Ke7 48. h4 Bd7 49. Ra7 Kd6 50. h5 Bb5 51. Kg3 Rxe2 52. h6 Rxe3+ 53. Kh4 Re2 54. h7 Rxh2+ 55. Kg3 Rh5 56. Kf2 Bd7 57. Ke3 Rxh7 58. Ra6+ Ke7 59. Ra5 Kd6 0-1

[Event "Early-Titled-Tuesday-Blitz-November-28-2023"]
[Site "Chess.com"]
[Date "2023.11.28"]
[Round "10"]
[White "GatoRojo150"]
[Black "ural58"]
[Result "0-1"]
[WhiteElo "2604"]
[BlackElo "2489"]
[TimeControl "180+1"]
[EndTime "10:02:31 PST"]
[Termination "ural58 won by resignation"]

1. e4 d5 2. exd5 Qxd5 3. Nc3 Qa5 4. d4 Nf6 5. Nf3 Nc6 6. Bd2 a6 7. h3 Bf5 8. Bc4 b5 9. Nd5 b4 10. Ne3 e6 11. O-O Bd6 12. a3 Qb6 13. Nxf5 exf5 14.
Re1+ Kf8 15. axb4 Bxb4 16. c3 Bd6 17. Ng5 Nd8 18. Qf3 Qc6 19. Qxc6 Nxc6 20. Nxf7 Rg8 21. Nxd6 cxd6 22. Bxg8 Kxg8 23. Re6 Ne4 24. d5 Nd8 25. Bf4 Nxe6 26. dxe6 g5 27. Be3 f4 28. Bd4 Kf8 29. f3 Ng3 30. Bf6 h6 31. Rd1 Nh5 32. Bd4 Ke7 33. Re1 Ng3 34. b4 Nf5 35. Kf2 Nxd4 36.
cxd4 Rb8 37. d5 Rxb4 38. Rc1 Rb7 39. Rc6 Ra7 40. Rc4 a5 41. Ra4 Kf6 42. Ke2 Ke5 43.
Kd3 Kxd5 44. e7 Rxe7 45. Rxa5+ Ke6 46. Ra6 Rb7 47. Kc4 Rb2 48. Ra8 Rxg2 49. Rh8 Rg3 50.
Rxh6+ Ke5 51. Rh5 d5+ 52. Kc5 Kf5 53. Kxd5 Rxf3 54. h4 Rg3 55. hxg5 Rxg5 56. Rh1 f3 57. Kd4 Kf4 58. Kd3 Rg2 59. Rh4+ Kg3 60. Rh8 Kf2 61. Re8 Rg6 62. Rh8 Re6 63. Rh2+ Kf1 64. Rh8 f2 65. Rg8 Ke1 66. Re8 Rxe8 0-1

[Event "Early-Titled-Tuesday-Blitz-November-28-2023"]
[Site "Chess.com"]
[Date "2023.11.28"]
[Round "10"]
[White "elchacal664"]
[Black "verrbaa"]
[Result "1-0"]
[WhiteElo "2355"]
[BlackElo "2463"]
[TimeControl "180+1"]
[EndTime "10:02:31 PST"]
[Termination "elchacal664 won on time"]

1. c4 Nf6 2. e3 g6 3. b3 Bg7 4.
Bb2 O-O 5. Nf3 c5 6. Be2 Nc6 7. O-O e6 8. d3 d5 9. cxd5 exd5 10. Nbd2 b6 11. a3 Bb7 12. Rc1 Rc8 13. Rc2 Re8 14.
Re1 Qd6 15. Bf1 Nh5 16. Qa1 Bxb2 17. Qxb2 a5 18. Rec1 d4 19. e4 Ng7 20. g3 Re7 21.
Re1 Rce8 22. Rcc1 f5 23. exf5 Rxe1 24. Nxe1 gxf5 25. Bg2 Nd8 26. Bxb7 Nxb7 27. b4 Re2 28. bxa5 Nxa5 29. Nef3 Qe6 30. Qc2 h6 31. Qa4 Kh7 32. Rf1 Nc6 33. Nc4 Ne7 34. Qb5 Qd5 35. Nfd2 Qe6 36. Qxb6 Qd5 37. Qc7 Ng6 38. a4 f4 39. a5 f3 40. a6 Re8 41. Qb7 Qf5 42. Qxf3 Qe6 43. Ne4 Qxa6 44. Nf6+ Kh8 45. Nxe8 Nxe8 46.
Qe4 1-0

[Event "Early-Titled-Tuesday-Blitz-November-28-2023"]
[Site "Chess.com"]
[Date "2023.11.28"]
[Round "10"]
[White "kingofthenil"]
[Black "Nitzan_Steinberg"]
[Result "0-1"]
[WhiteElo "2718"]
[BlackElo "2892"]
[TimeControl "180+1"]
[EndTime "10:02:33 PST"]
[Termination "Nitzan_Steinberg won by checkmate"]

1. e4 c6 2. c4 d5 3. cxd5 cxd5 4. exd5 Nf6 5. Nc3 g6 6. Nf3 Bg7 7. Bc4 O-O 8. O-O Nbd7 9. d3 Nb6 10.
Qb3 Bg4 11. Ne5 Bf5 12. Re1 Rc8 13. a4 Nfd7 14. Bf4 Nc5 15. Qa3 a5 16. Rad1 Qd6 17. Bg3 Ncxa4 18. Qb3 Nxc3 19. bxc3 a4 20. Qa2 Qc5 21. h4 Qa5 22. Qa1 Nxd5 23. Bxd5 Qxd5 24. c4 Qa5 25. Rb1 Bxd3 26. Rb5 Qa6 27. Rb4 Rxc4 28.
Qa3 Rxb4 29. Qxb4 Bf5 30. Nc4 Rc8 31. Nb6 Bc3 32. Qf4 Qxb6 33. Rxe7 Bf6 34. Re3 h5 35.
Kh2 Qa6 36. Qb4 Qc6 37. Qf4 Kg7 38. Qb4 b5 39. Be5 Bxe5+ 40. Rxe5 Qc7 41. Qf4 f6 42. Rxf5 gxf5 43. Kh3 Qxf4 44. f3 Qd6 45. f4 Qe7 46. g3 a3 47. g4 a2 48. gxh5 a1=Q 49. h6+ Kh7 50. h5 Qe3+ 51. Kh4 Qh1# 0-1

[Event "Early-Titled-Tuesday-Blitz-November-28-2023"]
[Site "Chess.com"]
[Date "2023.11.28"]
[Round "10"]
[White "Der_Balak_3Halak"]
[Black "Mystery2007"]
[Result "1-0"]
[WhiteElo "2342"]
[BlackElo "2548"]
[TimeControl "180+1"]
[EndTime "10:02:33 PST"]
[Termination "Der_Balak_3Halak won by checkmate"]

1. e4 g6 2. d4 Bg7 3. Be3 d6 4. Nc3 Nf6 5. Qd2 h5 6. f3 c6 7. a3 b5 8. d5 a6 9. Nge2 Bb7 10. Nf4 c5 11. Be2 Nbd7 12. O-O Ne5 13. Nd3 Nc4 14. Qc1 Nxe3 15. Qxe3 Bh6 16. f4 O-O 17. Qg3 Kh7 18. Bf3 Qb6 19. e5 c4+ 20. Nf2 Nd7 21. e6 fxe6 22.
dxe6 Bxf3 23. Qxf3 Nf6 24. Kh1 Rac8 25. Nfe4 Nxe4 26.
Qxe4 Rf5 27. Nd5 Qc6 28. Rad1 Bf8 29. Rfe1 Qc5 30. Ne3 Rf6 31. Rd5 Qc6 32. Rxh5+ Kg8 33.
Qxc6 Rxc6 34. Rg5 Bh6 35. Rg4 Bxf4 36. Nd5 Be5 37. Nxe7+ Kg7 38. Nxc6 Rxe6 39. Nxe5 dxe5 40. Rge4 Kf6 41. g3 Kf5 42. g4+ Kf6 43. Kg2 g5 44. Rf1+ Kg6 45. Rf5 Rd6 46. Rfxe5 Rd2+ 47. Re2 Rd4 48.
Re6+ Kf7 49. Rxa6 Rxg4+ 50. Kh3 Rh4+ 51. Kg3 Rd4 52. Rf2+ Ke7 53. Rff6 Rd2 54. Rh6 Rxc2 55. Rh7+ Kf8 56. Ra8# 1-0

[Event "Early-Titled-Tuesday-Blitz-November-28-2023"]
[Site "Chess.com"]
[Date "2023.11.28"]
[Round "10"]
[White "DuleMudule"]
[Black "shimastream"]
[Result "1-0"]
[WhiteElo "2845"]
[BlackElo "2938"]
[TimeControl "180+1"]
[EndTime "10:02:34 PST"]
[Termination "DuleMudule won on time"]

1. d4 h6 2. e4 e6 3. Nc3 d5 4. Nf3 Nf6 5. Bd3 c5 6. exd5 exd5 7. O-O Nc6 8. Re1+ Be6 9. dxc5 Bxc5 10. Bf4 O-O 11.
Bg3 Re8 12. a3 Rc8 13. b4 Bf8 14. Nb5 Ne4 15. Bxe4 dxe4 16. Rxe4 Qb6 17. Nd6 Rcd8 18. c4 Bxd6 19. Bxd6 a6 20. c5 Qb5 21. a4 Qxb4 22.
Rxb4 Nxb4 23. Qd2 Nc6 24. h3 Bf5 25. Qf4 Bg6 26. Re1 Rxe1+ 27. Nxe1 Re8 28. Nf3 Re4 29. Qd2 Rxa4 30. Ne5 Nxe5 31. Bxe5 Re4 32. Qd8+ Kh7 33. Bd6 Rb4 34. Kh2 Rb2 35. f3 Rb1 36. Be5 Re1 37.
Bc3 Rc1 38. Qd4 f6 39. Bd2 Rd1 40. Qe3 Rb1 41. h4 h5 42. Kg3 Rd1 43. Ba5 Rd7 44.
Qf4 Re7 45. Bc7 Rd7 46. Bd6 Rf7 47. Qe3 Rd7 48. Kf4 Rf7 49. g4 Rd7 50. Qe6 Rf7 51.
Qc8 hxg4 52. fxg4 Bb1 53. Qe8 g5+ 54. hxg5 fxg5+ 55. Kxg5 Bg6 56. Qe6 Rg7 57. Kh4 Bf7 58.
Qf6 Kg8 59. Be5 Rh7+ 60. Kg3 Be8 61. Qe6+ Kf8 62. Bd6+ 1-0

[Event "Early-Titled-Tuesday-Blitz-November-28-2023"]
[Site "Chess.com"]
[Date "2023.11.28"]
[Round "10"]
[White "margarita_2703"]
[Black "GothamChess"]
[Result "0-1"]
[WhiteElo "2355"]
[BlackElo "2648"]
[TimeControl "180+1"]
[EndTime "10:02:35 PST"]
[Termination "GothamChess won by resignation"]

1. e4 d5 2. exd5 Qxd5 3. Nc3 Qa5 4. d4 Nf6 5. Nf3 Bf5 6. Bc4 e6 7. O-O Bb4 8. Bd2 Nc6 9. a3 Bxc3 10. Bxc3 Qb6 11. h3 Rd8 12. Qe2 Be4 13. Rad1 O-O 14. Ng5 Bg6 15. Qe3 Nd5 16. Bxd5 Rxd5 17. Ne4 Bxe4 18. Qxe4 Rfd8 19. Rd2 e5 20. Rfd1 exd4 21. b3 Qc5 22. Bb2 R5d6 23. Qd3 Qg5 24. b4 a6 25. Qe4 Qg6 26. Qf4 h6 27. Bxd4 Nxd4 28. Rxd4 Rxd4 29. Rxd4 Rxd4 30. Qxd4 Qxc2 31. Qd8+ Kh7 32.
Qe7 f6 33. Qd7 b6 34. Qd5 c5 35. bxc5 bxc5 36. Qc6 c4 37. Qc5 c3 38. g3 Qd3 39.
Kg2 c2 40. Qc6 f5 41. Qc7 Qe4+ 42. f3 Qe2+ 43. Kg1 Qd1+ 44. Kf2 c1=Q 45. Qxc1 Qxc1 46. Ke2 Qxa3 47. f4 Qf8 48. Kf3 Qa8+ 49. Kf2 Qe4 50. g4 a5 51. gxf5 a4 52. f6 Qxf4+ 53. Kg2 Qxf6 54.
Kh2 a3 55. Kg2 a2 56. Kh2 a1=Q 0-1

[Event "Early-Titled-Tuesday-Blitz-November-28-2023"]
[Site "Chess.com"]
[Date "2023.11.28"]
[Round "10"]
[White "olksuna"]
[Black "Artem_Sadovsky"]
[Result "0-1"]
[WhiteElo "2708"]
[BlackElo "2555"]
[TimeControl "180+1"]
[EndTime "10:02:37 PST"]
[Termination "Artem_Sadovsky won by checkmate"]

1. e4 g6 2. d4 Bg7 3. Nc3 d6 4. Bg5 Nd7 5. Qd2 c5 6. d5 a6 7. a4 h6 8. Be3 Qa5 9. Ra3 Ngf6 10. h3 Qb4 11. Rb3 Nxe4 12. Qc1 Qa5 13. Ne2 Nb6 14. Ra3 Nxd5 15. Bd2 Nxd2 16. Qxd2 Nxc3 17. Nxc3 Be6 18. Be2 O-O 19. O-O Qb4 20. Rb1 Qd4 21. Qe1 Rab8 22.
a5 Rfd8 23. Ra4 c4 24. Rd1 Qc5 25. Bg4 Bxg4 26. hxg4 d5 27. Raa1 e5 28. Qe2 e4 29.
Rd2 Bxc3 30. bxc3 b6 31. axb6 Rxb6 32. Rd4 a5 33. Qd2 Kg7 34. Rxe4 dxe4 35. Qxd8 e3 36. Qd4+ Qxd4 37. cxd4 e2 38. f3 Rb2 39. Kf2 Rxc2 40.
Rxa5 Kf6 41. Rc5 Ke6 42. Ke1 Kd6 43. Kf2 c3 44. Ke1 h5 45. gxh5 gxh5 46. Kf2 h4 47.
Ke1 f5 48. Rxf5 Ra2 49. Rc5 c2 50. Kd2 c1=Q+ 51. Kxc1 e1=Q# 0-1